 Dungeon Sprint DCSS version bcrawl-1.28.1b (webtiles) character file.

Game seed: 10999998242665992051

0 Adamkad1 the Insei (level 1, 15/15 HPs)
             Began as a Demonspawn Transmuter on Dec 13, 2020.
             Got out of the dungeon alive.
             The game lasted 00:00:05 (14 turns).

Adamkad1 the Insei (Demonspawn Transmuter)            Turns: 14, Time: 00:00:05

Health: 15/15      AC:  2    Str: 10    XL:     1   Next: 0%
Magic:  3/3        EV: 12    Int: 14    God:
Gold:   0          SH:  0    Dex: 13    Spells: 3/4 levels left

rFire    . . .     SeeInvis .     - Fists (5.6)
rCold    . . .     Gourm    .   (no shield)
rNeg     . . .     Faith    .   b - +0 robe
rPois    .         Spirit   .   (no helmet)
rElec    .         Reflect  .   (no cloak)
rCorr    .         Harm     .   (no gloves)
MR       .....     NoTele   +   (no boots)
Stlth    +.........             (no amulet)
HPRegen  0.05/turn              (no ring)
MPRegen  0.08/turn              (no ring)

@: no status effects
A: no striking features
a: no special abilities


You escaped.
You were not hungry.

You visited 1 branch

Inventory:

Missiles
 a - 120 arrows
Armour
 b - a +0 robe (worn)
Scrolls
 k - 4 scrolls of blinking
 q - 4 scrolls of amnesia
 r - 7 scrolls of fog
 s - 5 scrolls of identify
 t - 5 scrolls of remove curse
 u - 2 scrolls of fear
Potions
 c - 2 potions of brilliance
 d - a potion of lignification
 f - 10 potions of curing
 g - 10 potions of heal wounds
 h - 6 potions of haste
 i - 7 potions of magic
 j - 3 potions of berserk rage
 l - 2 potions of invisibility
 m - 4 potions of resistance
 n - a potion of experience
 o - 5 potions of agility
 p - 5 potions of might
Comestibles
 e - 7 rations {!d}


   Skills:
 + Level 1.0 Fighting
 + Level 1.7 Dodging
 + Level 2.6 Unarmed Combat
 + Level 2.0 Spellcasting
 + Level 1.7 Transmutations


You had 3 spell levels left.
You knew the following spells:

 Your Spells              Type           Power        Failure   Level  Hunger
a - Beastly Appendage     Tmut           #.....       12%         1    None

Your spell library contained the following spells:

 Spells                   Type           Power        Failure   Level  Hunger
 Sticks to Snakes         Tmut           #.......     17%         2    ##.....
 Passwall                 Tmut/Erth      #.......     26%         2    ##.....
 Spider Form              Tmut/Pois      #..          45%         3    ####...
 Ice Form                 Ice/Tmut       #.......     86%         4    ######.
 Blade Hands              Tmut           #.........   97%         5    #######


Dungeon Overview and Level Annotations

Branches:
Dungeon (1/1)

Altars:
Ashenzari
Cheibriados
Dithmenos
Elyvilon
Fedhas
Gozag
Hepliaklqana
Kikubaaqudgha
Lugonu
Makhleb
Nemelex Xobeh
Okawaru
Qazlal
Ru
Sif Muna
Trog
Uskayaw
Vehumet
Wu Jian
Xom
Yredelemnul
Zin
The Shining One
Beogh
Jiyva

Annotations:
D 1 transporter


Message History

Press m to set your skill training.
Press ? for a list of commands and other information.
Found sixteen items.
Found twelve altars.
Found a staircase leading out of the dungeon.
Found two items.
Found a blossoming altar of Fedhas.
Found six altars.
c - 2 potions of brilliance;
l - 2 potions of invisibility
h - 6 potions of haste (gained 5);
m - 4 potions of resistance
n - a potion of experience;
i - 7 potions of magic (gained 5)
o - 5 potions of agility;
p - 5 potions of might
j - 3 potions of berserk rage (gained 2)
g - 10 potions of heal wounds (gained 9)
f - 10 potions of curing (gained 9)
Found six altars.
q - 4 scrolls of amnesia;
r - 7 scrolls of fog;
s - 5 scrolls of identify
t - 5 scrolls of remove curse;
u - 2 scrolls of fear
k - 4 scrolls of blinking (gained 3)
e - 7 rations {!d} (gained 6)
There is a staircase leading out of the dungeon here.
Are you sure you want to leave the Dungeon?
This will make you lose the game!
You have escaped!

▓_.........)).._
▓8.............8
▓_..))........._
▓8..)).........8
▓_..().....}..._
▓8...).....=...8
▓_.........|..._
▓8...[...../...8
▓_...[.@......._
▓8.............8
▓_............._
▓8_8_8_8_8_8_8_8
▓▓▓▓▓▓▓▓▓▓▓▓▓▓▓▓


There were no monsters in sight!

Vanquished Creatures (others)
  Erolcha (D)
  Ijyb (D)
2 creatures vanquished.

Notes
Turn   | Place    | Note
-------+----------+-------------------------------------------
     0 | D        | Adamkad1 the Demonspawn Transmuter began the quest for the
                  | Orb.
     0 | D        | Reached XP level 1. HP: 15/15 MP: 3/3
     0 | D        | Found a blossoming altar of Fedhas.
     1 | D        | Found the +6 Majin-Bo {vamp, *Drain Str+12 Int+24}
     1 | D        | Found the +9 heavy crossbow "Sniper" {velocity, Acc+∞ SInv}
     1 | D        | Found the +10 dark maul {crush}
     1 | D        | Found the +15 Maxwell's patent armour {-Cast -Tele rElec
                  | MR+ rCorr}
     1 | D        | Found the +18 shield of the Gong {rElec rN+ MR+ EV-5}
     1 | D        | Found the cursed +14 obsidian axe {chop, +Fly SInv *Curse}
     1 | D        | Found the +7 great mace "Firestarter" {inner flame, rF++}
     1 | D        | Found the +6 shillelagh "Devastator" {shatter}
     1 | D        | Found the +11 plutonium sword {*Contam Stlth-}
     1 | D        | Found the +8 lance "Wyrmbane" {slay drac, rPois rF+ rC+
                  | AC+3}
     1 | D        | Found the +9 sword of Zonguldrok {reap}
     1 | D        | Found the cursed +13 scythe of Curses {drain, *Curse}
     1 | D        | Found the +0 sword of Power
     1 | D        | Found the +7 mace of Variability {chain chaos}
     1 | D        | Found the +7 Singing Sword {slice}
     1 | D        | Found the +7 longbow "Piercer" {penet, EV-2}
     1 | D        | Found a shimmering blue altar of Sif Muna.
     1 | D        | Found a sacrificial altar of Ru.
     1 | D        | Found a bloodstained altar of Trog.
     1 | D        | Found a stormy altar of Qazlal.
     1 | D        | Found an iron altar of Okawaru.
     1 | D        | Found a sparkling altar of Nemelex Xobeh.
     3 | D        | Found a transporter.
     3 | D        | Found an ancient bone altar of Kikubaaqudgha.
     3 | D        | Found a viscous altar of Jiyva.
     3 | D        | Found a corrupted altar of Lugonu.
     3 | D        | Found a hazy altar of Hepliaklqana.
     3 | D        | Found a burning altar of Makhleb.
     3 | D        | Found an opulent altar of Gozag.
     4 | D        | Killed Ijyb
     6 | D        | Killed Erolcha
    14 | D        | Got out of the dungeon alive.
